 Dungeon Crawl Stone Soup version 0.31-a0-889-g1a8549509d (webtiles) character file.

Game seed: 8151850347333960861

179 Kuronicle the Ruffian (level 5, 0/41 HPs)
             Began as a Demigod Shapeshifter on Oct 16, 2023.
             Slain by Sigmund
             ... wielding a +0 scythe of freezing
              (1 damage)
             ... on level 3 of the Dungeon.
             The game lasted 00:04:32 (1936 turns).

Kuronicle the Ruffian (Demigod Shapeshifter)        Turns: 1936, Time: 00:04:33

Health: 0/41       AC:  3    Str: 19    XL:     5   Next: 10%
Magic:  7/7        EV: 10    Int: 12    God:
Gold:   46         SH: 10    Dex: 13    Spells: 4/4 levels left

rFire   . .          .
                       - Unarmed
rCold   . . .        k - +2 kite shield
rNeg    . . .        j - +0 leather armour
rPois   .            (helmet currently unavailable)
rElec   .            (cloak currently unavailable)
rCorr   +            (gloves currently unavailable)
SInv    .            (boots currently unavailable)
Will    +....        (no amulet)
Stlth   +            a - ring of resist corrosion
HPRegen 0.26/turn    e - ring of willpower
MPRegen 0.10/turn

%: no passive effects
@: beast-form
A: beast (slay +2), high MP 1, forlorn, divine attributes
a: Begin Untransformation


You were on level 3 of the Dungeon.
You were a hulking beast.
You visited 1 branch of the dungeon, and saw 3 of its levels.

You collected 91 gold pieces.
You spent 45 gold pieces at shops.

Inventory:

Hand Weapons
 f - a +0 triple sword
Armour
 j - a +0 leather armour (worn)
 k - a +2 kite shield (worn)
Jewellery
 a - a ring of resist corrosion (left hand)
 e - a ring of willpower (right hand)
Talismans
 c - a beast talisman (active)
 d - a flux talisman
Scrolls
 g - 3 scrolls of teleportation
 i - a scroll of revelation {unknown}
Potions
 b - 2 potions of lignification
 h - a potion of curing {unknown}


   Skills:
 * Level 1.7 Fighting
 * Level 1.5 Armour
 + Level 2.1 Dodging
 - Level 0.3 Stealth
 * Level 1.2 Shields
 - Level 3.5 Unarmed Combat
 * Level 3.5 Shapeshifting


You had 4 spell levels left.
You didn't know any spells.
Your spell library was empty.

Dungeon Overview and Level Annotations

Branches:
Dungeon (3/15)

Shops:
D:1 **([

Annotations:
D:1 2 transporters
D:3 Sigmund


Innate Abilities, Weirdness & Mutations

You are a hulking beast.
Your limbs bulge with bestial killing power. (Slay +2)
You have an increased reservoir of magic. (+10% MP)
You shall have no god before yourself.
Your divine heritage dramatically boosts your attributes as you level up.


Message History

Done exploring.
There is a stone staircase leading down here.
You climb downwards.
Found 9 gold pieces.
There is a stone staircase leading up here.
No target in view!
Sigmund the Dreaded comes into view.
He is wielding a +0 scythe of freezing.
Sigmund is nearby!
Sigmund is suddenly surrounded by pale blue light.
Sigmund hits you from afar with a +0 scythe of freezing!
Sigmund freezes you.
There is a stone staircase leading up here.
You block Sigmund's attack. Sigmund closely misses you.
There is a stone staircase leading up here.
Sigmund gestures wildly while chanting.
Sigmund flickers and vanishes!
Deactivating autopickup; reactivate with Ctrl-A.
You hit something. Something hits you. Something freezes you.
You hit something. Something hits you. Something freezes you.
You hit something but do no damage. You hit something. Something hits you.
Something freezes you.
You hit something.
You hear some strange, mumbled words.
A magic dart appears from out of thin air!
The magic dart hits you!
* * * LOW HITPOINT WARNING * * *
You barely miss something. Something hits you.
* * * LOW HITPOINT WARNING * * *
Something freezes you.
* * * LOW HITPOINT WARNING * * *
You barely miss something. You hit something. Something hits you.
* * * LOW HITPOINT WARNING * * *
Something freezes you.
* * * LOW HITPOINT WARNING * * *
Something hits you.
* * * LOW HITPOINT WARNING * * *
Something freezes you.
You die...

# #. #.## #####
##...##$..##
...........## #
............###..#
................#
.......{....#
.........h.##
##...##...## #.#
##### #


There were no monsters in sight!

Vanquished Creatures
  Natasha (thrice) (D:2)
  3 gnolls (D:2)
  3 adders (D:2)
  2 dart slugs (D:1)
  An endoplasm (D:2)
  6 giant cockroaches
  2 goblins (D:1)
  4 hobgoblins
  2 quokkas (D:1)
  5 ball pythons
  4 bats
  3 frilled lizards
  7 kobolds
  2 rats
47 creatures vanquished.

Notes
Turn   | Place    | Note
-------+----------+-------------------------------------------
     0 | D:1      | Kuronicle the Demigod Shapeshifter began the quest for the
                  | Orb.
     0 | D:1      | Reached XP level 1. HP: 15/15 MP: 3/3
   265 | D:1      | Reached skill level 1 in Fighting
   339 | D:1      | Found Wieziuch's Antique Weapon Shoppe.
   348 | D:1      | Reached XP level 2. HP: 23/23 MP: 4/4
   447 | D:1      | Found Uvothraof's Assorted Antiques.
   515 | D:1      | Found a transporter.
   524 | D:1      | Found Docseaze's General Store.
   606 | D:1      | Found a transporter.
   674 | D:1      | Found Waaxkiek's Armour Emporium.
   679 | D:1      | Bought a +0 kite shield for 45 gold pieces
  1079 | D:2      | Reached XP level 3. HP: 24/28 MP: 5/5
  1222 | D:2      | Noticed Natasha
  1229 | D:2      | Killed Natasha
  1230 | D:2      | Reached XP level 4. HP: 19/35 MP: 6/6
  1374 | D:2      | Reached skill level 1 in Armour
  1385 | D:2      | Noticed Natasha
  1393 | D:2      | Killed Natasha
  1592 | D:2      | Noticed Natasha
  1605 | D:2      | Killed Natasha
  1606 | D:2      | Reached skill level 1 in Shields
  1606 | D:2      | Reached XP level 5. HP: 3/41 MP: 7/7
  1915 | D:3      | Noticed Sigmund
  1936 | D:3      | HP: 1/41 [something (6)]
  1936 | D:3      | Slain by Sigmund

Illustrated notes

Levels and vault maps discovered:
D:1:      lemuel_arrival_behind_the_door_small, layout_basic, serial_shops,
          nicolae_shop_tiny_real_fake_doors, shop, shop_fountains,
          nicolae_shop_drivethru
D:2:      layout_rooms, dk_noncrumbling_2, small_statue_intersection,
          uniq_natasha
D:3:      layout_rooms, uniq_sigmund, uniq_jessica

Skill      XL: |  1  2  3  4 |
---------------+-------------+-----
Shapeshifting  | 3 |  3.5
Fighting       | 1 |  1.7
Unarmed Combat | 3 |  3.5
Dodging        | 2 |  2.1
Armour         | 1 |  1.5
Shields        | 1 |  1.2
Stealth        | |  0.3

Action                     |  1- 3 |  4- 6 || total
---------------------------+-------+-------++-------
  Melee: Unarmed           |   105 |    63 ||   168
    Use: Scroll            |     6 |       ||     6
   Stab: Sleeping          |     2 |     2 ||     4
 Armour: Animal skin       |    25 |       ||    25
         Leather armour    |    25 |    35 ||    60
  Dodge: Dodged            |    62 |    19 ||    81
  Block: Kite shield       |    14 |    25 ||    39

Table legend: (Time is in decaauts)
 A = Elapsed time spent in this place.
 B = Non-inter-level travel time spent in this place.
 C = Inter-level travel time spent in this place.
 D = Time resting spent in this place.
 E = Time spent auto-exploring this place.
 F = Levels seen in this place.
 G = Mean time per level.
                   A        B        C        D        E       F      G
               +--------+--------+--------+--------+--------+-----+--------+
         Total |   1942 |   1923 |     19 |    335 |   1206 |   3 |  647.3 |
       Dungeon |   1942 |   1923 |     19 |    335 |   1206 |   3 |  647.3 |
               +--------+--------+--------+--------+--------+-----+--------+

Top non-repeatable levels by time:
     D:1: 1056 daAuts
     D:2: 863 daAuts
     D:3: 22 daAuts
